 Dungeon Crawl Stone Soup version 0.31.0-32-g396128a36d (webtiles) character file.

Game seed: 9953399162676424173

121 PaiMei the Grave Robber (level 4, -2/32 HPs)
             Began as a Demonspawn Necromancer on Mar 30, 2024.
             Incinerated by a bombardier beetle (4 damage)
             ... with a burning spray
             ... on level 2 of the Dungeon.
             The game lasted 00:02:47 (2174 turns).

PaiMei the Grave Robber (Demonspawn Necromancer)    Turns: 2174, Time: 00:02:48

Health: -2/32      AC:  3    Str:  9    XL:     4   Next: 76%
Magic:  1/8        EV: 14    Int: 17    God:
Gold:   89         SH:  0    Dex: 13    Spells: 4/8 levels left

rFire   . . .        d - +0 mace
rCold   . . .        (no shield)
rNeg    . . .        a - +0 robe
rPois   .            (helmet restricted)
rElec   .            (no cloak)
rCorr   .            j - +0 pair of gloves
SInv    .            (no boots)
Will    .....        (no amulet)
Stlth   +            g - ring of wizardry
HPRegen 0.25/turn    (no ring)
MPRegen 0.22/turn

%: wizardry (x1)
@: on fire, glowing
A: antennae 1, repulsion field 1, magic regeneration
a: no special abilities


You were on level 2 of the Dungeon.
You visited 1 branch of the dungeon, and saw 3 of its levels.

You collected 89 gold pieces.

Inventory:

Hand Weapons
 d - a +0 mace (weapon)
Missiles
 e - 6 poisoned darts (quivered)
 f - 3 javelins
 n - 2 curare-tipped darts
Armour
 a - a +0 robe (worn)
 j - a +0 pair of gloves (worn)
Jewellery
 g - a ring of wizardry (left hand)
Scrolls
 c - 2 scrolls of silence {unknown}
 h - a scroll of teleportation {unknown}
 i - a scroll of vulnerability {unknown}
 k - 2 scrolls of identify {unknown}
Potions
 b - a potion of magic
 l - 2 potions of degeneration {unknown}
 m - 2 potions of heal wounds {unknown}
 o - a potion of curing {unknown}
 p - a potion of cancellation {unknown}


   Skills:
 + Level 1.5 Fighting
 + Level 2.7 Dodging
 - Level 2.2 Stealth
 + Level 2.8 Spellcasting
 + Level 5.0 Necromancy


You had 4 spell levels left.
You knew the following spells:

 Your Spells              Type           Power      Damage    Failure   Level
a - Necrotise             Necr           76%        1d7       1%          1
b - Vampiric Draining     Necr           19%        2d7       2%          3

Your spell library contained the following spells:

 Spells                   Type           Power      Damage    Failure   Level
 Foxfire                  Conj/Fire      8%         2x1d4     8%          1
 Animate Dead             Necr           19%        N/A       9%          4
 Curse of Agony           Necr           19%        N/A       24%         5
 Plasma Beam              Fire/Air       1%         2x1d11    100%        6
 Starburst                Conj/Fire      1%         6d3       100%        6


Dungeon Overview and Level Annotations

Branches:
Dungeon (3/15)

Altars:


Innate Abilities, Weirdness & Mutations

You have a pair of small antennae on your head.
You are surrounded by a mild repulsion field. (EV +2)
You regenerate magic rapidly.


Message History

Casting: Necrotise (safe; 1% risk of failure)
Confirm with . or Enter, or press ? or * to list all spells.
Aiming: Necrotise (safe; 1% risk of failure)
Press: ? - help, Shift-Dir - straight line, f/p - bombardier beetle
Aim: a bombardier beetle (severely wounded, chance to affect: 78%)
The bombardier beetle writhes in agony.
Casting: Necrotise (safe; 1% risk of failure)
Confirm with . or Enter, or press ? or * to list all spells.
Aiming: Necrotise (safe; 1% risk of failure)
Press: ? - help, Shift-Dir - straight line, f/p - bombardier beetle
Aim: a bombardier beetle (almost dead, chance to affect: 78%)
The bombardier beetle barely resists.
Casting: Necrotise (safe; 1% risk of failure)
Confirm with . or Enter, or press ? or * to list all spells.
Aiming: Necrotise (safe; 1% risk of failure)
Press: ? - help, Shift-Dir - straight line, f/p - bombardier beetle
Aim: a bombardier beetle (almost dead, chance to affect: 78%)
The bombardier beetle barely resists.
The bombardier beetle sprays incendiary fluid at you.
The burning spray hits you.
You are covered in liquid fire!
Casting: Necrotise (safe; 1% risk of failure)
Confirm with . or Enter, or press ? or * to list all spells.
Aiming: Necrotise (safe; 1% risk of failure)
Press: ? - help, Shift-Dir - straight line, f/p - bombardier beetle
Aim: a bombardier beetle (severely wounded, chance to affect: 78%)
The bombardier beetle writhes in agony.
You kill the bombardier beetle!
The liquid fire burns you!
* * * LOW HITPOINT WARNING * * *
Your Necromancy skill increases to level 5!
Casting: Necrotise (safe; 1% risk of failure)
Confirm with . or Enter, or press ? or * to list all spells.
You can't see any susceptible monsters within range! (Use Z to cast anyway.)
You shake off some of the fire as you move.
The liquid fire burns you!
* * * LOW HITPOINT WARNING * * *
You shake off some of the fire as you move.
The liquid fire burns you!
You die...

###.......#..
##.####.#####.
#########.#.###.......
#########
#........###.########.
#.......#
#.#.#†###.#.##### ##
#.#####.###.#.#.#
#.......# #
#.##..........#.#
#..####.# #
#.##.##.###.###.#
#....##.# # #.##.##.#
#...>@# #.##.##.# #
#.......# #.....#
#.##.##.######
##...##.#
#.....###.......#.....
#...##.#
#..........#..........
###...##.#
#.....####.....##.....
.........# #.....#
##.....#######
.........#
#########.......## #
.........####
#.........# ###
###.........#
##.....>.## #[.


There were no monsters in sight!

Vanquished Creatures
  A bombardier beetle (D:2)
  A gnoll (D:1)
  3 adders (D:2)
  A dart slug (D:1)
  A ribbon worm (D:2)
  2 ball pythons (D:2)
  4 bats
  5 endoplasms
  A giant cockroach (D:2)
  2 goblins
  2 hobgoblins (D:1)
  2 jackals (D:2)
  A kobold (D:1)
  3 frilled lizards
  7 rats
36 creatures vanquished.

Vanquished Creatures (collateral kills)
  A gnoll (D:2)
1 creature vanquished.

Grand Total: 37 creatures vanquished

Notes
Turn   | Place    | Note
-------+----------+-------------------------------------------
     0 | D:1      | PaiMei the Demonspawn Necromancer began the quest for the
                  | Orb.
     0 | D:1      | Reached XP level 1. HP: 13/13 MP: 3/3
   361 | D:1      | Gained mutation: You have a pair of small antennae on your
                  | head. [demonic ancestry]
   361 | D:1      | Reached XP level 2. HP: 19/19 MP: 1/5
  1137 | D:2      | Gained mutation: You are surrounded by a mild repulsion
                  | field. (EV +2) [demonic ancestry]
  1137 | D:2      | Reached XP level 3. HP: 24/24 MP: 1/6
  1141 | D:2      | Learned a level 3 spell: Vampiric Draining
  1790 | D:2      | Reached skill level 1 in Fighting
  1792 | D:2      | Gained mutation: You regenerate magic rapidly. [demonic
                  | ancestry]
  1792 | D:2      | Reached XP level 4. HP: 22/32 MP: 2/7
  2173 | D:2      | Reached skill level 5 in Necromancy
  2174 | D:2      | Incinerated by a bombardier beetle

Illustrated notes

Levels and vault maps discovered:
D:1:      sevenhm_arrival_forest_fort_large_2, layout_basic,
          minmay_misc_feat_chi, chequers_serial_rivers_room_b, hex_tiny,
          nicolae_figureground_pulse
D:2:      layout_loops_cross, cheibrodos_gnoll_hut
D:3:      layout_rooms, portal_sewer_entry_f, uniq_robin,
          uniq_crazy_yiuf_cottage

Skill      XL: |  1  2  3  4 |
---------------+-------------+-----
Stealth        | 2 |  2.2
Dodging        | 2 |  2.7
Fighting       | 1 |  1.5
Necromancy     | 5 |  5.0
Spellcasting   | |  2.8

Action                     |  1- 3 |  4- 6 || total
---------------------------+-------+-------++-------
  Melee: Mace              |     4 |     1 ||     5
   Cast: Necrotise         |    64 |    16 ||    80
         Vampiric Draining |       |     3 ||     3
 Armour: Robe              |    10 |    16 ||    26
  Dodge: Dodged            |    19 |    16 ||    35
